 Dungeon Crawl Stone Soup version 0.23.2-1-ga50397a6bc (webtiles) character file.

Game seed: 13949785066504000522

61 Morbidden the Gusty (level 4, -6/24 HPs)
             Began as a Tengu Air Elementalist on Apr 26, 2019.
             Mangled by Jessica
             ... wielding a +6 club
              (16 damage)
             ... on level 2 of the Dungeon.
             The game lasted 00:05:03 (1859 turns).

Morbidden the Gusty (Tengu Air Elementalist)        Turns: 1859, Time: 00:05:03

Health: -6/24      AC:  2    Str:  9    XL:     4   Next: 7%
Magic:  3/8        EV: 12    Int: 16    God:
Gold:   156        SH:  0    Dex: 14    Spells: 7/8 levels left

rFire    . . .     SeeInvis .   (no weapon)
rCold    . . .     Gourm    .   (no shield)
rNeg     . . .     Faith    .   a - +0 robe
rPois    .         Spirit   .   (helmet restricted)
rElec    .         Reflect  .   (no cloak)
rCorr    .         Harm     .   (no gloves)
MR       .....                  (boots unavailable)
Stlth    ++........             (no amulet)
HPRegen  0.08/turn              (no ring)
MPRegen  0.11/turn              (no ring)

@: no status effects
A: beak, talons 3
a: no special abilities


You were on level 2 of the Dungeon.
You were not hungry.

You visited 1 branch of the dungeon, and saw 2 of its levels.

You collected 156 gold pieces.

Inventory:

Armour
 a - a +0 robe (worn)
Scrolls
 b - 7 scrolls of identify {unknown}
 d - 2 scrolls of enchant armour {unknown}
 e - a scroll of remove curse {unknown}
 f - a scroll of immolation {unknown}
 h - a scroll of random uselessness {unknown}
 i - 3 scrolls of noise {unknown}
 k - 2 scrolls of teleportation {unknown}
Potions
 g - a potion of curing {unknown}
 j - a potion of ambrosia {unknown}
 m - a potion of brilliance {unknown}
Comestibles
 c - 6 rations


   Skills:
 * Level 0.5 Fighting
 * Level 2.2 Dodging
 + Level 2.2 Stealth
 + Level 2.5 Spellcasting
 * Level 2.1 Conjurations
 * Level 5.3 Air Magic


You had 7 spell levels left.
You knew the following spells:

 Your Spells              Type           Power        Failure   Level  Hunger
a - Shock                 Conj/Air       ##..         4%          1    #......

Your spell library contained the following spells:

 Spells                   Type           Power        Failure   Level  Hunger
 Swiftness                Chrm/Air       ##......     10%         2    ##.....
 Static Discharge         Conj/Air       ##......     13%         3    ###....
 Airstrike                Air            ###.......   22%         4    #####..
 Lightning Bolt           Conj/Air       ##........   75%         5    ######.


Dungeon Overview and Level Annotations

Branches:
Dungeon (2/15)

Altars:
Qazlal

Annotations:
D:2 Jessica


Innate Abilities, Weirdness & Mutations

You have a beak for a mouth.
You have claws for feet.


Message History

Okay, then.
Jessica shouts, "You're disturbing me!
I'll have to kill you!"
Jessica gestures wildly while chanting.
Jessica blinks!
Casting: Shock (safe; 4% risk of failure)
Confirm with . or Enter, or press ? or * to list all spells.
You can't see any susceptible monsters within range! (Use Z to cast anyway.) Unknown command.
You start resting.
Jessica is too close now for your liking.
Unknown command.
Casting: Shock (safe; 4% risk of failure)
Confirm with . or Enter, or press ? or * to list all spells.
Aiming: Shock (safe; 4% risk of failure)
Press: ? - help, Shift-Dir - straight line The zap hits Jessica.
Jessica is heavily wounded.
The zap misses Jessica.
Jessica hits you with a +6 club!
Ouch! That really hurt!
You die...

#.. #.# #†# #.# #.#
################### #.#
...†.......†......# #.#
......#.#########@######## #[#
..###.#.# #..@....)...# #.#
.<#.# ###.####.####.# #.#
.#.#.####...#.#...#[#.######.#
h............##.....##..)÷...>#
.#
..#.####.#.#.......#..#####.#
#. ###.# #.#............# #)# #
..# #.#.#..(....#.## #.#
#...##.....##..# #.#
#...#.#...#)#..# #.#


You could see Jessica.

Vanquished Creatures
  An adder (D:2)
  An ooze (D:2)
  3 worms (D:2)
  A dart slug (D:2)
  A leopard gecko (D:2)
  4 giant cockroaches
  4 goblins
  5 hobgoblins
  3 jackals (D:2)
  2 quokkas (D:2)
  A frilled lizard (D:1)
  6 kobolds
  2 rats (D:2)
34 creatures vanquished.

Notes
Turn   | Place    | Note
-------+----------+-------------------------------------------
     0 | D:1      | Morbidden the Tengu Air Elementalist began the quest for
                  | the Orb.
     0 | D:1      | Reached XP level 1. HP: 10/10 MP: 4/4
   173 | D:1      | Reached XP level 2. HP: 15/15 MP: 0/6
  1000 | D:2      | Reached XP level 3. HP: 19/19 MP: 0/7
  1170 | D:2      | Reached skill level 5 in Air Magic
  1658 | D:2      | Found a stormy altar of Qazlal.
  1814 | D:2      | Reached XP level 4. HP: 24/24 MP: 6/8
  1822 | D:2      | Noticed Jessica
  1859 | D:2      | Mangled by Jessica

Skill      XL: |  1  2  3 |
---------------+----------+-----
Air Magic      | 5 |  5.3
Conjurations   | 2 |  2.1
Fighting       | |  0.5
Dodging        | |  2.2
Stealth        | |  2.2
Spellcasting   | |  2.5

Action                   |  1- 3 |  4- 6 || total
-------------------------+-------+-------++-------
Melee: Unarmed           |    21 |     6 ||    27
       Kick              |     7 |     1 ||     8
       Peck              |     3 |     1 ||     4
 Cast: Shock             |    69 |     9 ||    78
  Eat: Chunk             |     4 |       ||     4
Armor: Robe              |       |     2 ||     2
Dodge: Dodged            |    12 |     8 ||    20
